TOP OF THE 1ST |
Iowa State Cyclones batting - Pitching for Alabama Crimson Tide : RHP Charlie Willis
|
Pitching: RHP Charlie Willis
|
|
Batting: LHB Andrew Chambers
|
0-0: Ball 1-0: Ground out 1-3 (Groundball, 13)
|
Batting: LHB Marty Gómez
|
0-0: Ball 1-0: Ball 2-0: Ground out 3-1 (Groundball, 34S)
|
Batting: RHB Danny Gilbert
|
0-0: Called Strike 0-1: Ball 1-1: Ball 2-1: Ball 3-1: Foul Ball, location: 2F 3-2: Strikes out looking
|
Top of the 1st over - 0 runs, 0 hits, 0 errors, 0 left on base; Iowa State 0 - Alabama 0 |
BOTTOM OF THE 1ST |
Alabama Crimson Tide batting - Pitching for Iowa State Cyclones : RHP Bill Tracy
|
Pitching: RHP Bill Tracy
|
|
Batting: RHB Paco Molina
|
0-0: Ball 1-0: Ball 2-0: Called Strike 2-1: Fly out, F8 (Flyball, 8LM)
|
Batting: RHB Oscar Trent
|
0-0: Swinging Strike 0-1: Ball 1-1: Ball 2-1: Called Strike 2-2: Ball 3-2: Foul Ball, location: 2F 3-2: Foul Ball, location: 2F 3-2: SOLO HOME RUN (Flyball, 7D), Distance : 362 ft
|
Batting: RHB Shannon Watson
|
0-0: Foul Ball, location: 2F 0-1: Ball 1-1: Swinging Strike 1-2: Ball 2-2: Fly out, F7 (Line Drive, 7D)
|
Batting: RHB Rafael Vargo
|
0-0: Called Strike 0-1: Called Strike 0-2: Ball 1-2: Strikes out swinging
|
Bottom of the 1st over - 1 run, 1 hit, 0 errors, 0 left on base; Iowa State 0 - Alabama 1 |
TOP OF THE 2ND |
Iowa State Cyclones batting - Pitching for Alabama Crimson Tide : RHP Charlie Willis
|
Batting: LHB Dale González
|
0-0: Called Strike 0-1: Called Strike 0-2: Ball 1-2: Ball 2-2: SINGLE (Groundball, 6MD)
|
Batting: LHB Chris Samuels
|
0-0: Ball 1-0: Ball 2-0: Fly out, F9 (Flyball, 9)
|
Batting: SHB Octávio Longoria
|
0-0: Called Strike 0-1: SINGLE (Flyball, 7LS) Dale González to second
|
Batting: RHB Ollie Johnson
|
0-0: Ball 1-0: Called Strike 1-1: Ball 2-1: Fly out, F7 (Line Drive, 7)
|
Batting: RHB Jimmy Stokes
|
0-0: Ball 1-0: Ball 2-0: Ball 3-0: Base on Balls Dale González to third Octávio Longoria to second
|
Batting: LHB Jeff MacKinney
|
0-0: Ball 1-0: Ball 2-0: Fly out, F6 (Popup, P)
|
Top of the 2nd over - 0 runs, 2 hits, 0 errors, 3 left on base; Iowa State 0 - Alabama 1 |
BOTTOM OF THE 2ND |
Alabama Crimson Tide batting - Pitching for Iowa State Cyclones : RHP Bill Tracy
|
Batting: RHB Mike Irvin
|
0-0: Ball 1-0: Ball 2-0: DOUBLE (Line Drive, 78D)
|
Batting: RHB Chris Bass
|
0-0: Called Strike 0-1: Fly out, F7 (Line Drive, 78D)
|
Batting: RHB John Martin
|
0-0: Called Strike 0-1: Ball 1-1: Ground out 5-3 (Groundball, 5)
|
Batting: RHB Len Valadez
|
0-0: SINGLE (Flyball, 9S) Mike Irvin to third Runner from 3rd tries for Home, SAFE, throw made home Len Valadez to second
|
Batting: RHB Bill Miller
|
0-0: Ball 1-0: Called Strike 1-1: Ball 2-1: SINGLE (Line Drive, 8RS) Len Valadez to third
|
Batting: RHB Paco Molina
|
0-0: Ball 1-0: Ball 2-0: Fly out, F4 (Popup, 4D)
|
Bottom of the 2nd over - 1 run, 3 hits, 0 errors, 2 left on base; Iowa State 0 - Alabama 2 |
TOP OF THE 3RD |
Iowa State Cyclones batting - Pitching for Alabama Crimson Tide : RHP Charlie Willis
|
Batting: LHB Andrew Chambers
|
0-0: Swinging Strike 0-1: Ball 1-1: Foul Ball, location: 2F 1-2: Strikes out swinging
|
Batting: LHB Marty Gómez
|
0-0: Ball 1-0: Called Strike 1-1: Foul Ball, location: 2F 1-2: Ball 2-2: Ground out U3 (Groundball, 3)
|
Batting: RHB Danny Gilbert
|
0-0: Swinging Strike 0-1: Ball 1-1: Called Strike 1-2: Fly out, F8 (Flyball, 78D)
|
Top of the 3rd over - 0 runs, 0 hits, 0 errors, 0 left on base; Iowa State 0 - Alabama 2 |
BOTTOM OF THE 3RD |
Alabama Crimson Tide batting - Pitching for Iowa State Cyclones : RHP Bill Tracy
|
Batting: RHB Oscar Trent
|
0-0: Ball 1-0: SINGLE (Line Drive, 7S)
|
Batting: RHB Shannon Watson
|
0-0: Ground out 6-3 (Groundball, 6S) Oscar Trent to second
|
Batting: RHB Rafael Vargo
|
0-0: Ball 1-0: Ball 2-0: Foul Ball, location: 2F 2-1: SINGLE (Line Drive, 89M) Oscar Trent to third Runner from 3rd tries for Home, SAFE, throw made home
|
Batting: RHB Mike Irvin
|
0-0: SINGLE (Groundball, 6MD) Rafael Vargo to second
|
Batting: RHB Chris Bass
|
0-0: Foul Ball, location: 2F 0-1: Ball 1-1: Ball 2-1: Ball 3-1: Swinging Strike 3-2: Strikes out swinging
|
Batting: RHB John Martin
|
0-0: Foul Ball, location: 2F 0-1: Ball 1-1: Called Strike 1-2: SINGLE (Groundball, 34S) (infield hit) Rafael Vargo to third Mike Irvin to second
|
Batting: RHB Len Valadez
|
0-0: Ball 1-0: Called Strike 1-1: Ball 2-1: Called Strike 2-2: Strikes out swinging
|
Bottom of the 3rd over - 1 run, 4 hits, 0 errors, 3 left on base; Iowa State 0 - Alabama 3 |
TOP OF THE 4TH |
Iowa State Cyclones batting - Pitching for Alabama Crimson Tide : RHP Charlie Willis
|
Batting: LHB Dale González
|
0-0: Ball 1-0: Ground out U3 (Groundball, 34)
|
Batting: LHB Chris Samuels
|
0-0: Called Strike 0-1: Ball 1-1: Swinging Strike 1-2: SINGLE (Groundball, 56S) (infield hit)
|
Batting: SHB Octávio Longoria
|
0-0: Grounds into double play, 1-6-3 (Groundball, P)
|
Top of the 4th over - 0 runs, 1 hit, 0 errors, 0 left on base; Iowa State 0 - Alabama 3 |
BOTTOM OF THE 4TH |
Alabama Crimson Tide batting - Pitching for Iowa State Cyclones : RHP Bill Tracy
|
Batting: RHB Bill Miller
|
0-0: Ball 1-0: Ball 2-0: Ball 3-0: Base on Balls
|
Batting: RHB Paco Molina
|
0-0: Called Strike 0-1: Swinging Strike 0-2: Ball 1-2: Ball 2-2: Ball 3-2: Base on Balls Bill Miller to second
|
Pitching: RHP Loren Parker
|
|
Batting: RHB Oscar Trent
|
0-0: Ball 1-0: Foul Ball, location: 2F 1-1: Ball 2-1: Foul Ball, location: 2F 2-2: SINGLE (Line Drive, 56D) Bill Miller to third Paco Molina to second
|
Batting: RHB Shannon Watson
|
0-0: Ball 1-0: Ball 2-0: Ball 3-0: Base on Balls Bill Miller scores Paco Molina to third Oscar Trent to second
|
Batting: RHB Rafael Vargo
|
0-0: Ball 1-0: Ball 2-0: Called Strike 2-1: Swinging Strike 2-2: Hit by Pitch Paco Molina scores Oscar Trent to third Shannon Watson to second
|
Batting: RHB Mike Irvin
|
0-0: Called Strike 0-1: Ball 1-1: Ball 2-1: Swinging Strike 2-2: Ball 3-2: GRAND SLAM HOME RUN (Flyball, 9D), Distance : 353 ft
|
Batting: RHB Chris Bass
|
0-0: Called Strike 0-1: SINGLE (Flyball, 78M)
|
Batting: RHB John Martin
|
0-0: Ball Chris Bass steals 2nd base 1-0: Called Strike 1-1: Foul Ball, location: 2F 1-2: Hit by Pitch
|
Batting: RHB Len Valadez
|
0-0: Ball 1-0: Called Strike 1-1: Ball 2-1: Ball 3-1: Called Strike 3-2: Base on Balls Chris Bass to third John Martin to second
|
Batting: RHB Bill Miller
|
0-0: GRAND SLAM HOME RUN (Flyball, 78XD), Distance : 376 ft
|
Batting: RHB Paco Molina
|
0-0: Called Strike 0-1: Ball 1-1: Fly out, F8 (Flyball, 78D)
|
Batting: RHB Oscar Trent
|
0-0: Ball 1-0: Ball 2-0: Called Strike 2-1: Ball 3-1: Called Strike 3-2: Base on Balls
|
Batting: RHB Shannon Watson
|
0-0: Called Strike 0-1: Ball 1-1: Called Strike 1-2: Ball 2-2: Ball 3-2: Foul Ball, location: 2F 3-2: Base on Balls Oscar Trent to second
|
Batting: RHB Rafael Vargo
|
0-0: Ball 1-0: Foul Ball, location: 2F 1-1: Fly out, F8 (Flyball, 8RD)
|
Batting: RHB Mike Irvin
|
0-0: SINGLE (Line Drive, 89M) Oscar Trent to third Shannon Watson to second Runner from 3rd tries for Home, SAFE, no throw
|
Batting: RHB Chris Bass
|
0-0: SINGLE (Groundball, 34S) (infield hit) Shannon Watson to third Mike Irvin to second
|
Batting: RHB John Martin
|
0-0: Called Strike 0-1: SINGLE (Line Drive, 8LS) Shannon Watson scores Mike Irvin to third Chris Bass to second Runner from 3rd tries for Home, SAFE, no throw
|
Batting: RHB Len Valadez
|
0-0: Called Strike 0-1: Ball 1-1: Called Strike 1-2: Ball 2-2: Ball 3-2: Strikes out swinging
|
Bottom of the 4th over - 13 runs, 7 hits, 0 errors, 2 left on base; Iowa State 0 - Alabama 16 |
TOP OF THE 5TH |
Iowa State Cyclones batting - Pitching for Alabama Crimson Tide : RHP Charlie Willis
|
Batting: RHB Ollie Johnson
|
0-0: Ball 1-0: Ball 2-0: Foul Ball, location: 2F 2-1: Ball 3-1: Swinging Strike 3-2: Foul Ball, location: 2F 3-2: Foul Ball, location: 2F 3-2: SINGLE (Groundball, 6MD)
|
Batting: RHB Jimmy Stokes
|
0-0: Ball 1-0: Foul Ball, location: 2F 1-1: Called Strike 1-2: Fielders Choice at 2nd, 1-6 (Groundball, 13S)
|
Batting: LHB Jeff MacKinney
|
0-0: Ball Jimmy Stokes is caught stealing 2nd base 1-0: Ball 2-0: Called Strike 2-1: Swinging Strike 2-2: Ball 3-2: Foul Ball, location: 2F 3-2: Strikes out looking
|
Top of the 5th over - 0 runs, 1 hit, 0 errors, 0 left on base; Iowa State 0 - Alabama 16 |
BOTTOM OF THE 5TH |
Alabama Crimson Tide batting - Pitching for Iowa State Cyclones : RHP Loren Parker
|
Batting: RHB Bill Miller
|
0-0: Swinging Strike 0-1: Swinging Strike 0-2: Ball 1-2: Strikes out swinging
|
Batting: RHB Paco Molina
|
0-0: SINGLE (Line Drive, 4MD)
|
Batting: RHB Oscar Trent
|
0-0: Ball 1-0: Swinging Strike 1-1: Ball 2-1: Ball 3-1: SINGLE (Groundball, 6M) (infield hit) Paco Molina to second
|
Batting: RHB Shannon Watson
|
0-0: Ground out 4-3 (Groundball, 4S) Paco Molina to third Oscar Trent to second
|
Batting: RHB Rafael Vargo
|
0-0: Called Strike 0-1: 3-RUN HOME RUN (Flyball, 7D), Distance : 361 ft
|
Batting: RHB Mike Irvin
|
0-0: Ball 1-0: Called Strike 1-1: Ball 2-1: Called Strike 2-2: Ball 3-2: Fly out, F9 (Flyball, 9LSF)
|
Bottom of the 5th over - 3 runs, 3 hits, 0 errors, 0 left on base; Iowa State 0 - Alabama 19 |
TOP OF THE 6TH |
Iowa State Cyclones batting - Pitching for Alabama Crimson Tide : RHP Charlie Willis
|
Batting: LHB Andrew Chambers
|
0-0: Swinging Strike 0-1: Fly out, F8 (Flyball, 8LXD)
|
Pinch Hitting: RHB Johnny Matthews
|
0-0: Swinging Strike 0-1: Foul Ball, location: 2F 0-2: Ball 1-2: Ball 2-2: Ball 3-2: Base on Balls
|
Batting: RHB Danny Gilbert
|
0-0: Ball 1-0: Ball 2-0: Ball 3-0: Called Strike 3-1: Base on Balls Johnny Matthews to second
|
Pitching: RHP François LeDoux
|
|
Batting: LHB Dale González
|
0-0: Ball 1-0: Swinging Strike 1-1: Foul Ball, location: 2F 1-2: Foul Ball, location: 2F 1-2: Ball 2-2: Foul Ball, location: 2F 2-2: Ball 3-2: Base on Balls Johnny Matthews to third Danny Gilbert to second
|
Batting: LHB Chris Samuels
|
0-0: Ball 1-0: Ball 2-0: Ball 3-0: Foul Ball, location: 2F 3-1: Base on Balls Johnny Matthews scores Danny Gilbert to third Dale González to second
|
Batting: SHB Octávio Longoria
|
0-0: Grounds into double play, 4-6-3 (Groundball, 4)
|
Top of the 6th over - 1 run, 0 hits, 0 errors, 2 left on base; Iowa State 1 - Alabama 19 |
BOTTOM OF THE 6TH |
Alabama Crimson Tide batting - Pitching for Iowa State Cyclones : RHP Loren Parker
|
Pitching: RHP Joe Miller
|
|
Now at 3B: Johnny Matthews
|
|
Batting: RHB Chris Bass
|
0-0: Ball 1-0: Foul Ball, location: 2F 1-1: Ball 2-1: Swinging Strike 2-2: Foul Ball, location: 2F 2-2: SOLO HOME RUN (Flyball, 7D), Distance : 344 ft
|
Batting: RHB John Martin
|
0-0: Fly out, F9 (Flyball, 9D)
|
Batting: RHB Len Valadez
|
0-0: Called Strike 0-1: Called Strike 0-2: Ball 1-2: Strikes out swinging
|
Batting: RHB Bill Miller
|
0-0: Foul Ball, location: 2F 0-1: Ball 1-1: Ball 2-1: Foul Ball, location: 2F 2-2: Ball 3-2: Foul Ball, location: 2F 3-2: Strikes out swinging
|
Bottom of the 6th over - 1 run, 1 hit, 0 errors, 0 left on base; Iowa State 1 - Alabama 20 |
TOP OF THE 7TH |
Iowa State Cyclones batting - Pitching for Alabama Crimson Tide : RHP François LeDoux
|
Batting: RHB Ollie Johnson
|
0-0: Called Strike 0-1: Foul Ball, location: 2F 0-2: Ball 1-2: Ball 2-2: Ball 3-2: Base on Balls
|
Batting: RHB Jimmy Stokes
|
0-0: Called Strike 0-1: Called Strike Ollie Johnson steals 2nd base 0-2: Strikes out swinging
|
Batting: LHB Jeff MacKinney
|
0-0: Called Strike 0-1: Ground out 4-3 (Groundball, 34) Ollie Johnson to third
|
Batting: LHB Andrew Chambers
|
0-0: Ball 1-0: Ball 2-0: Called Strike 2-1: Ball 3-1: Foul Ball, location: 2F 3-2: Strikes out swinging
|
Top of the 7th over - 0 runs, 0 hits, 0 errors, 1 left on base; Iowa State 1 - Alabama 20 |
BOTTOM OF THE 7TH |
Alabama Crimson Tide batting - Pitching for Iowa State Cyclones : RHP Joe Miller
|
Batting: RHB Paco Molina
|
0-0: Ball 1-0: Foul Ball, location: 2F 1-1: Swinging Strike 1-2: Strikes out swinging
|
Batting: RHB Oscar Trent
|
0-0: Ground out 6-3 (Groundball, 56)
|
Batting: RHB Shannon Watson
|
0-0: Called Strike 0-1: SINGLE (Groundball, 56D)
|
Batting: RHB Rafael Vargo
|
0-0: Ground out 4-3 (Groundball, 4)
|
Bottom of the 7th over - 0 runs, 1 hit, 0 errors, 1 left on base; Iowa State 1 - Alabama 20 |
TOP OF THE 8TH |
Iowa State Cyclones batting - Pitching for Alabama Crimson Tide : RHP François LeDoux
|
Now at C: Wayne Coleman
|
|
Batting: RHB Johnny Matthews
|
0-0: Ball 1-0: SINGLE (Groundball, 4D)
|
Batting: RHB Danny Gilbert
|
0-0: Swinging Strike 0-1: Swinging Strike 0-2: Ball 1-2: Ball 2-2: Foul Ball, location: 2F 2-2: Grounds into double play, 5-4-3 (Groundball, 56)
|
Batting: LHB Dale González
|
0-0: Swinging Strike 0-1: Ball 1-1: Foul Ball, location: 2F 1-2: Foul Ball, location: 2F 1-2: Ball 2-2: Ball 3-2: Fly out, F9 (Flyball, 9S)
|
Top of the 8th over - 0 runs, 1 hit, 0 errors, 0 left on base; Iowa State 1 - Alabama 20 |
BOTTOM OF THE 8TH |
Alabama Crimson Tide batting - Pitching for Iowa State Cyclones : RHP Joe Miller
|
Batting: RHB Mike Irvin
|
0-0: Called Strike 0-1: Ball 1-1: SINGLE (Line Drive, 56)
|
Batting: RHB Chris Bass
|
0-0: SINGLE (Line Drive, 89S) Mike Irvin to second
|
Batting: RHB John Martin
|
0-0: Ball 1-0: DOUBLE (Flyball, 78D) Mike Irvin scores Chris Bass to third
|
Batting: RHB Len Valadez
|
0-0: Ball 1-0: Ball 2-0: Ball 3-0: Base on Balls
|
Batting: RHB Bill Miller
|
0-0: Ball 1-0: Fly out, F5 (Popup, 5F)
|
Batting: RHB Paco Molina
|
0-0: Called Strike 0-1: Foul Ball, location: 2F 0-2: Foul Ball, location: 2F 0-2: Ball 1-2: Fly out, F8 (Flyball, 89S) Runner from 3rd tags up, SCORES, throw made
|
Batting: RHB Oscar Trent
|
0-0: Ball 1-0: Ball 2-0: Ball 3-0: Base on Balls John Martin to third Len Valadez to second
|
Batting: RHB Shannon Watson
|
0-0: Called Strike 0-1: Ball 1-1: Fly out, F9 (Flyball, 9S)
|
Bottom of the 8th over - 2 runs, 3 hits, 0 errors, 3 left on base; Iowa State 1 - Alabama 22 |
TOP OF THE 9TH |
Iowa State Cyclones batting - Pitching for Alabama Crimson Tide : RHP François LeDoux
|
Batting: LHB Chris Samuels
|
0-0: SOLO HOME RUN (Flyball, 9D), Distance : 357 ft
|
Batting: SHB Octávio Longoria
|
0-0: Ball 1-0: Called Strike 1-1: Ball 2-1: Foul Ball, location: 2F 2-2: Fly out, F4 (Line Drive, 4)
|
Batting: RHB Ollie Johnson
|
0-0: Foul Ball, location: 2F 0-1: Ball 1-1: Foul Ball, location: 2F 1-2: Fly out, F7 (Flyball, 7LMF)
|
Batting: RHB Jimmy Stokes
|
0-0: Foul Ball, location: 2F 0-1: Ball 1-1: Ball 2-1: Ball 3-1: Swinging Strike 3-2: Base on Balls
|
Batting: LHB Jeff MacKinney
|
0-0: Ball 1-0: Called Strike 1-1: Ball 2-1: Foul Ball, location: 2F 2-2: Foul Ball, location: 2F 2-2: Ball 3-2: Base on Balls Jimmy Stokes to second
|
Batting: LHB Andrew Chambers
|
0-0: Called Strike 0-1: Ball 1-1: Foul Ball, location: 2F 1-2: Ball 2-2: Foul Ball, location: 2F 2-2: Strikes out looking
|
Top of the 9th over - 1 run, 1 hit, 0 errors, 2 left on base; Iowa State 2 - Alabama 22 |
|